AoeStats
← aradia.urania

Arabian Desert

510660953Analyzed
1v1 RM · 15h ago on Oct 2, 2026· 34m 46s· 2 players
Game mode
Random Map
Map size
Tiny (2 player)
Population
200
Speed
Normal
Resources
Standard
Victory
Conquest
Starting age
Dark Age
Ending age
Imperial Age
RankedLock teamsTeams togetherTeam positionsShared explorationLock speedFull tech treeHidden civsTurbo modeCheats
Victory
Defeat
🇻🇳 Japanese · Vietnam
947
+18
🇨🇱 Celts · Chile
990
-18
baophux7
8:13 Loom
10:16 Feudal Age
11:37 Loom
14:22 Man-at-Arms
25:32 Stone Mining
29:30 Man-at-Arms
32:26 Castle Age
31:00 Gold Mining
30:34 Man-at-Arms
33:05 Long Swordsman
33:32 Arson
aradia.urania
7:37 Loom
10:12 Feudal Age
11:40 Horse Collar
11:47 Double-Bit Axe
11:54 Gold Mining
20:51 Wheelbarrow
20:05 Man-at-Arms
36:03 Castle Age
Connection lost

Rejoining the realm…

Still unreachable

The connection could not be restored.

Session expired

The server has moved on; the page needs a fresh start.